[Event "Late-Titled-Tuesday-Blitz-September-12-2023"]
[Site "Chess.com"]
[Date "2023.09.12"]
[Round "6"]
[White "wadsy27"]
[Black "ArturoCaceres"]
[Result "1/2-1/2"]
[WhiteElo "2605"]
[BlackElo "2467"]
[TimeControl "180+1"]
[EndTime "15:04:20 PDT"]
[Termination "Game drawn by agreement"]

1. Nf3 Nf6 2. g3 b6 3. Bg2 Bb7 4. O-O e6 5. d3 d5 6. Nbd2 Nbd7 7. Qe1 Be7 8. e4 dxe4 9. dxe4 Ba6 10. e5 Nd5 11. c4 Nb4 12. Nd4 c5 13. Nc6 Nxc6 14. Bxc6 Rc8 15. Bg2 Qc7 16. b3 Bb7 17. Bb2 Bxg2 18.
Kxg2 O-O 19. Rd1 Nb8 20. Ne4 Nc6 21. Nf6+ gxf6 22. exf6 Bd6 23. Qd2 Bf4 24. Qxf4 Qxf4 25. gxf4 Rfd8 26. Kf3 Rxd1 27. Rxd1 Rd8 28. Rg1+ Kh8 29.
Rg7 Rd7 30. Bc3 a6 31. a4 a5 32. h4 h6 33. Ke2 Na7 34. Rg3 Nc6 35. Rd3 Rxd3 36.
Kxd3 Nb8 37. Be5 Nd7 38. h5 Nxe5+ 39. fxe5 Kg8 40. Ke4 Kf8 41. f4 Ke8 42. f5 Kd7 43.
Kf4 Ke8 44. Ke4 Kd7 45. Ke3 Ke8 46. fxe6 fxe6 1/2-1/2

[Event "Late-Titled-Tuesday-Blitz-September-12-2023"]
[Site "Chess.com"]
[Date "2023.09.12"]
[Round "6"]
[White "Mikhail_Golubev"]
[Black "wild3000"]
[Result "1-0"]
[WhiteElo "2598"]
[BlackElo "2428"]
[TimeControl "180+1"]
[EndTime "15:04:20 PDT"]
[Termination "Mikhail_Golubev won on time"]

1. e4 a6 2. d4 e6 3. Bd3 d5 4.
Nc3 Nf6 5. e5 Nfd7 6. Nce2 c5 7.
c3 Nc6 8. Nf3 b5 9. a3 Be7 10.
h4 Bb7 11. Nf4 b4 12. axb4 cxd4 13. cxd4 Qb6 14. b5 Nxd4 15. Nxd4 Qxd4 16. bxa6 Bb4+ 17. Kf1 Rxa6 18. Be3 Rxa1 19. Qxa1 Qxe5 20. Bb5 d4 21. Qa4 O-O 22. Bxd7 dxe3 23. Qxb4 Rb8 24. Nd3 Bxg2+ 25. Kg1 Qd5 26. Qf4 Rd8 27. Rh2 exf2+ 28. Nxf2 Bf3 29. Ba4 e5 30. Qe3 e4 31. Bb3 Qd6 32. Rh3 h6 33. Bc2 f5 34. Bb3+ Kh7 35. Bc4 Qg6+ 36. Kf1 Qg2+ 37. Ke1 Qxh3 38. Nxh3 1-0

[Event "Late-Titled-Tuesday-Blitz-September-12-2023"]
[Site "Chess.com"]
[Date "2023.09.12"]
[Round "6"]
[White "crazy_but_lazy"]
[Black "Michalczak"]
[Result "0-1"]
[WhiteElo "2633"]
[BlackElo "2513"]
[TimeControl "180+1"]
[EndTime "15:04:21 PDT"]
[Termination "Michalczak won on time"]

1. Nf3 d5 2. c4 d4 3. e3 Nc6 4.
exd4 Nxd4 5. Nxd4 Qxd4 6. Nc3 c6 7. d3 Nh6 8. Be2 Nf5 9. g4 Nh4 10. Be3 Ng2+ 11. Kd2 Nxe3 12. fxe3 Qb6 13. Kc2 e5 14. Qd2 Be6 15. d4 exd4 16. exd4 O-O-O 17. d5 Bb4 18.
Rad1 cxd5 19. cxd5 Kb8 20. Qf4+ Bd6 21. Qf3 Bc8 22. Rhe1 f6 23. h3 Rhe8 24. Bd3 h6 25.
a3 Rxe1 26. Rxe1 Be5 27. Be4 Bd7 28. Qe3 Bd4 29. Qg3+ Be5 30. Qe3 Bd4 31. Qg3+ Be5 32.
Qf3 Rc8 33. Re3 Ba4+ 34. Kb1 Bb3 35. Bf5 Rxc3 36. Rxc3 Bxc3 37. Qxc3 Qg1+ 38. Qc1 Ba2+ 39. Kc2 Bb3+ 40. Kb1 Ba2+ 41. Kc2 Bb3+ 42. Kd2 Qd4+ 43.
Ke1 Qg1+ 44. Kd2 Qd4+ 45. Ke2 Bc4+ 0-1

[Event "Late-Titled-Tuesday-Blitz-September-12-2023"]
[Site "Chess.com"]
[Date "2023.09.12"]
[Round "6"]
[White "MagnusCarlsen"]
[Black "dropstoneDP"]
[Result "1-0"]
[WhiteElo "3219"]
[BlackElo "3025"]
[TimeControl "180+1"]
[EndTime "15:04:22 PDT"]
[Termination "MagnusCarlsen won by checkmate"]

1. e4 e5 2. Nf3 Nf6 3. Nxe5 d6 4. Nc4 Nxe4 5. Qe2 Qe7 6. Ne3 Nc6 7. c3 Nf6 8. g3 h5 9. Bg2 h4 10. d4 Bd7 11.
Nd2 O-O-O 12. b4 Ng4 13. Ndc4 Nxe3 14. Nxe3 Re8 15. a4 g6 16. a5 a6 17. b5 Nxd4 18. cxd4 Bxb5 19. Qf3 c6 20. Bf1 hxg3 21. hxg3 Rxh1 22.
Qxh1 Bg7 23. Bxb5 axb5 24. a6 Kb8 25. axb7 Kxb7 26. Bb2 d5 27. Qf3 f5 28. Kf1 Qb4 29.
Nd1 Re1+ 30. Kg2 Bxd4 31. Qf4 Re4 32. Qh6 Bxb2 33. Nxb2 Re7 34. Qf8 Qe4+ 35. Kg1 Rh7 36. Qa8+ Kb6 37. Qa5+ Kc5 38. Rc1+ Kd6 39. Qd8+ Ke5 40.
Qe8+ Kf6 41. Rxc6+ Kg5 42. Qxg6# 1-0

[Event "Late-Titled-Tuesday-Blitz-September-12-2023"]
[Site "Chess.com"]
[Date "2023.09.12"]
[Round "6"]
[White "SEBAZZANO"]
[Black "Defenstrator"]
[Result "1-0"]
[WhiteElo "2207"]
[BlackElo "2360"]
[TimeControl "180+1"]
[EndTime "15:04:22 PDT"]
[Termination "SEBAZZANO won by checkmate"]

1. d4 e6 2. Bf4 g5 3. Be5 f6 4.
Bg3 Bg7 5. e4 h5 6. h4 g4 7. Bd3 Ne7 8. Ne2 b6 9. Nbc3 Bb7 10.
Qd2 Na6 11. a3 c5 12. d5 e5 13. d6 Nc8 14. Bc4 Bf8 15. Qd3 Nxd6 16. Bxa6 Bc6 17. a4 Qc7 18. Nd5 Bxd5 19. Qxd5 Rb8 20. Bxe5 fxe5 21. Qxe5+ Kf7 22. Qxh8 Bg7 23. Qxh5+ Kg8 24.
Bc4+ Nxc4 25. Qd5+ Kh8 26. Qxc4 Rf8 27. O-O Qd8 28.
g3 Qf6 29. Rad1 d6 30. Nf4 Bh6 31. Qe6 Bxf4 32. Qxf6+ Rxf6 33. gxf4 Rxf4 34. Rfe1 Rf6 35. Rd5 Kg7 36. Rg5+ Kf7 37. Rf5 Rxf5 38. exf5 d5 39. Re6 d4 40. Rg6 a6 41. h5 b5 42. axb5 axb5 43.
h6 c4 44. h7 c3 45. h8=Q cxb2 46. Qh7+ Kf8 47. Rg8# 1-0

[Event "Late-Titled-Tuesday-Blitz-September-12-2023"]
[Site "Chess.com"]
[Date "2023.09.12"]
[Round "6"]
[White "xozr"]
[Black "RaphaeI"]
[Result "0-1"]
[WhiteElo "2366"]
[BlackElo "2606"]
[TimeControl "180+1"]
[EndTime "15:04:23 PDT"]
[Termination "RaphaeI won by resignation"]

1. e4 e5 2. Nf3 Nc6 3. Bc4 Nf6 4. d3 Be7 5. O-O O-O 6. Re1 d6 7. c3 Na5 8. Bb5 a6 9. Ba4 b5 10. Bc2 c5 11. h3 Nc6 12. Nbd2 Re8 13. Nf1 h6 14. g4 Bf8 15. Ng3 d5 16. Qe2 g6 17.
Kh2 Bg7 18. a4 b4 19. Be3 d4 20. Bd2 dxc3 21. bxc3 a5 22. Bb3 Ba6 23. Be3 Bxd3 24.
Qa2 Qc7 25. Rad1 Rad8 26. g5 Nxe4 27. gxh6 Nxc3 28. Bxf7+ Qxf7 29. h7+ Kf8 30. Bxc5+ Ne7 31. Qxf7+ Kxf7 32. Ng5+ Kf6 33. Rxd3 Rxd3 34. N3e4+ Nxe4 35. Nxe4+ Ke6 36. Ng5+ Kd5 37. Bxe7 Rxe7 38. f4 e4 39. f5 gxf5 0-1

[Event "Late-Titled-Tuesday-Blitz-September-12-2023"]
[Site "Chess.com"]
[Date "2023.09.12"]
[Round "6"]
[White "bascheyaro"]
[Black "Msb2"]
[Result "1-0"]
[WhiteElo "2837"]
[BlackElo "3091"]
[TimeControl "180+1"]
[EndTime "15:04:24 PDT"]
[Termination "bascheyaro won by checkmate"]

1. d4 d5 2. Nf3 e6 3. c4 Nf6 4. Nc3 Bb4 5. Bg5 h6 6. Bxf6 Qxf6 7.
e3 c5 8. cxd5 exd5 9. Be2 O-O 10. O-O Bxc3 11. bxc3 Be6 12. Qb3 b6 13. c4 dxc4 14.
Bxc4 Bxc4 15. Qxc4 Nd7 16. Rfd1 cxd4 17. Qxd4 Qxd4 18.
Rxd4 Nc5 19. Rad1 Rac8 20. g4 Rc7 21. h4 Ne6 22. Rd7 Rfc8 23. g5 hxg5 24. hxg5 g6 25. Kg2 Kf8 26. Kg3 Ke8 27. R7d5 Rc5 28. e4 Kf8 29. Ne5 Rxd5 30. Rxd5 Ke8 31. f4 Rc3+ 32.
Rd3 Rc2 33. Ra3 Rc7 34. Kg4 Nc5 35. f5 Re7 36. Kf4 Rc7 37. Rh3 gxf5 38. exf5 Ke7 39. Nxf7 Nd7 40. Ne5 Nxe5 41. Kxe5 Rc5+ 42. Kf4 Rc4+ 43.
Kf3 Kd6 44. g6 Rc8 45. Kf4 Ke7 46. Kg5 Rc1 47. Rh7+ Kd6 48. Rxa7 Ke5 49. Re7+ Kd6 50. Re6+ Kd5 51. Rxb6 Rg1+ 52. Kf6 Ra1 53. g7 Rg1 54. Rb8 Kc6 55. g8=Q Rd1 56. Qc8+ Kd5 57. Qd8+ Ke4 58. Qxd1 Kf4 59. Qd4+ Kg3 60. Rb3+ Kg2 61. Qd2+ Kf1 62. Rb1# 1-0

[Event "Late-Titled-Tuesday-Blitz-September-12-2023"]
[Site "Chess.com"]
[Date "2023.09.12"]
[Round "6"]
[White "Mariia89"]
[Black "CURRUTACO59"]
[Result "1-0"]
[WhiteElo "2033"]
[BlackElo "2256"]
[TimeControl "180+1"]
[EndTime "15:04:24 PDT"]
[Termination "Mariia89 won on time"]

1. d4 Nf6 2. Nf3 e6 3. Bg5 h6 4. Bh4 b6 5. Nbd2 Bb7 6. e3 Be7 7. Bd3 d5 8. c3 c5 9. Ne5 O-O 10. O-O Nc6 11. f4 Nd7 12. Bg3 Bd6 13. Ndf3 Ne7 14. Nxd7 Qxd7 15. Ne5 Qc7 16. Qg4 f5 17. Qh5 Kh7 18. Bh4 g6 19. Qf3 Ng8 20. Qg3 Qg7 21. a4 a6 22. Kh1 Nf6 23. Bxf6 Rxf6 24. h3 Rg8 25. Qf2 Kh8 26. Qe2 Ra8 27. Rf3 Bxe5 28.
dxe5 Rf7 29. Rg3 Kh7 30. h4 h5 31. Rg5 Kg8 32. Rf1 Kf8 33. Rf3 Ke7 34. Rfg3 Qh7 35. Rxg6 c4 36. Bc2 Raf8 37. R6g5 Qh8 38. Rxh5 Rh7 39. Rxh7+ Qxh7 40. h5 Rh8 41. Rg5 Bc6 42.
g4 Bd7 43. Kg2 1-0

[Event "Late-Titled-Tuesday-Blitz-September-12-2023"]
[Site "Chess.com"]
[Date "2023.09.12"]
[Round "6"]
[White "Cambek64"]
[Black "Chaos_Magic"]
[Result "1-0"]
[WhiteElo "2487"]
[BlackElo "2403"]
[TimeControl "180+1"]
[EndTime "15:04:26 PDT"]
[Termination "Cambek64 won on time"]

1. e4 e5 2. Nf3 Nc6 3. Bc4 Nf6 4. d3 h6 5. c3 d6 6. O-O g6 7. Re1 Bg7 8. Bb3 O-O 9. Nbd2 Nh5 10. Nf1 Qe7 11. Ng3 Nf6 12. h3 Nd8 13. d4 Nd7 14. Be3 Ne6 15. Qd2 Kh7 16. Rad1 a5 17. Bc2 a4 18. a3 b6 19. Nh2 Ra5 20. Ng4 h5 21. Nh2 Qf6 22. Nf3 Nf4 23. Bxf4 exf4 24. Nxh5 Rxh5 25. e5 dxe5 26. Bxa4 exd4 27. Nxd4 Nc5 28. Bc2 Qg5 29. Nf3 Qf6 30. Qe2 Ba6 31. c4 Bb7 32.
b4 Ne6 33. Nh2 Re5 34. Ng4 Rxe2 35. Nxf6+ Bxf6 36. Rxe2 Nd4 37. Red2 c5 38. bxc5 bxc5 39. Rb1 Bc6 40. Rb6 Rc8 41. f3 Bd8 42. Rb1 Bxf3 43.
Rxd4 cxd4 44. gxf3 Rxc4 45. Bb3 Rc3 46. Bxf7 Rxa3 47.
Bd5 Bf6 48. Be4 Bg7 49. Rb6 d3 50. Rd6 1-0

[Event "Late-Titled-Tuesday-Blitz-September-12-2023"]
[Site "Chess.com"]
[Date "2023.09.12"]
[Round "6"]
[White "enestnrvrd"]
[Black "artin10862"]
[Result "0-1"]
[WhiteElo "2729"]
[BlackElo "2958"]
[TimeControl "180+1"]
[EndTime "15:04:27 PDT"]
[Termination "artin10862 won on time"]

1. Nf3 c5 2. e4 d6 3. d4 cxd4 4.
Nxd4 Nf6 5. Nc3 a6 6. Bd3 g6 7. O-O Bg7 8. a4 O-O 9. h3 Bd7 10. Be3 Nc6 11. Nb3 Na5 12. Qd2 Nxb3 13. cxb3 Bc6 14. Rae1 Nd7 15. Bh6 Nc5 16. Bxg7 Kxg7 17. Bc2 a5 18. f4 Qb6 19. Kh2 Nxb3 20. Bxb3 Qxb3 21. f5 f6 22. Re3 Qb4 23. Rg3 Rf7 24. Rf4 g5 25. Rfg4 h6 26. h4 Rh8 27. e5 Qc5 28. e6 Rff8 29. Qd3 Rfg8 30. Rc4 Qe5 31. h5 Rc8 32. Kg1 Qe1+ 33. Kh2 Qf2 34. Rcg4 Qxb2 35. Nd5 Bxd5 36. Qxd5 Rc5 37. Qe4 Rhc8 38.
Rf4 Qe5 39. Qxb7 R5c7 40. Qf3 Rc3 41. Qb7 R8c7 42. Qb8 Qxf4 0-1

[Event "Late-Titled-Tuesday-Blitz-September-12-2023"]
[Site "Chess.com"]
[Date "2023.09.12"]
[Round "6"]
[White "MarcoRiehle"]
[Black "BillieKimbah"]
[Result "1-0"]
[WhiteElo "2786"]
[BlackElo "3013"]
[TimeControl "180+1"]
[EndTime "15:04:30 PDT"]
[Termination "MarcoRiehle won on time"]

1. e4 e5 2. Nf3 Nc6 3. Bc4 Nf6 4. d4 exd4 5. O-O Nxe4 6. Nc3 Nxc3 7. bxc3 d5 8. Bd3 Bg4 9. Re1+ Be7 10. Ba3 dxc3 11. Bb5 O-O 12. Bxc6 Bxa3 13. Bxb7 Rb8 14. Bxd5 Qf6 15. h3 Bf5 16. Bb3 h6 17. Qe2 Bd6 18. Qe3 a5 19. Rad1 Rb4 20. a4 Qg6 21. Qxc3 Bxh3 22.
Ng5 Bxg2 23. Kxg2 Qxg5+ 24. Kf1 Rf4 25. Qh3 Qf6 26. Re2 Rh4 27. Qg2 Rh2 28. Qg1 Qf3 29.
Rd3 Qf4 30. Ree3 Qh4 31. Ke2 Qh5+ 32. Rf3 Rh1 33. Qg2 Re8+ 34. Kd2 Re7 35. Rde3 Rh2 36. Rxe7 Bxe7 37. Qg3 Bg5+ 38. Kc3 Kh7 39. Bxf7 Qh4 40.
Qxc7 Qb4+ 41. Kd3 Qd2+ 42. Ke4 Rh4+ 43. Ke5 Qd4+ 44. Ke6 Re4+ 45. Kf5 Re7 46. Bg6+ Kg8 47. Qc8+ 1-0

[Event "Late-Titled-Tuesday-Blitz-September-12-2023"]
[Site "Chess.com"]
[Date "2023.09.12"]
[Round "6"]
[White "vladislavkovalev"]
[Black "DeTimmerman"]
[Result "1-0"]
[WhiteElo "2903"]
[BlackElo "2634"]
[TimeControl "180+1"]
[EndTime "15:04:31 PDT"]
[Termination "vladislavkovalev won by resignation"]

1. e4 e5 2. Nf3 Nc6 3. Bb5 f5 4. Nc3 fxe4 5. Nxe4 d5 6. Nxe5 dxe4 7. Nxc6 Qg5 8. Nd4+ c6 9. Bf1 Bc5 10. d3 Qe5 11. c3 exd3+ 12. Be3 Nf6 13. Bxd3 O-O 14. Qb3+ Kh8 15. O-O-O Nd5 16. Rhe1 Nxe3 17. Rxe3 Qg5 18. Kb1 Bg4 19. Ne6 Bxd1 20. Qxd1 Bxe3 21. Nxg5 Bxg5 22. Qg4 Rad8 23. Qxg5 Rxd3 24. Qe7 Rfd8 25. Qxb7 Rd1+ 26. Kc2 R1d2+ 27. Kb3 Rxf2 28. a4 Rxg2 29. Qxa7 h6 30.
a5 Rdd2 31. Qb8+ Kh7 32. Ka2 Rd5 33. Qb4 Rxh2 34. a6 Rb5 35. Qa3 Rb8 36. a7 Ra8 37. Qa6 Rf2 38. Qb7 Rff8 39. b4 h5 40. c4 h4 41. b5 h3 42. b6 Rfc8 43. Qxc8 Rxc8 44. b7 h2 45. bxc8=Q h1=Q 46. Qf5+ Kh6 47. a8=Q Qg2+ 48. Kb3 Qg3+ 49. Ka4 1-0

[Event "Late-Titled-Tuesday-Blitz-September-12-2023"]
[Site "Chess.com"]
[Date "2023.09.12"]
[Round "6"]
[White "farzadbfd"]
[Black "Herman-NY"]
[Result "1-0"]
[WhiteElo "2709"]
[BlackElo "2522"]
[TimeControl "180+1"]
[EndTime "15:04:33 PDT"]
[Termination "farzadbfd won by resignation"]

1. d4 Nf6 2. Nf3 g6 3. Bg5 Bg7 4. e3 O-O 5. Be2 d6 6. O-O b6 7. c4 Bb7 8. Nc3 Nbd7 9. Qc2 h6 10. Bh4 g5 11. Bg3 e6 12. b4 Nh5 13. Rfd1 f5 14. Ne1 Nxg3 15. hxg3 g4 16. Nd3 Rf7 17. Nf4 Nf8 18.
c5 Qg5 19. cxd6 cxd6 20. Nb5 Rd8 21. Rac1 h5 22. Qb3 Qh6 23. Rc7 Rdd7 24. Rdc1 a6 25. Rxd7 Rxd7 26. Nc7 d5 27. Nxa6 h4 28. Bb5 Rf7 29.
gxh4 Qxh4 30. g3 Qh6 31. Kg2 Bxd4 32. Rh1 Qf6 33. exd4 Qxd4 34. Re1 e5 35. Ne2 Qe4+ 36. Kf1 d4 37. Ng1 Qg2+ 38. Ke2 Bd5 39. Bc4 Bxc4+ 40. Qxc4 d3+ 41. Qxd3 Kg7 42. Qe3 f4 43. Qxe5+ Rf6 44. Qg5+ Ng6 45. Nc7 Qe4+ 46. Kf1 Qc4+ 47. Kg2 f3+ 48. Kh2 Qxc7 49. Qxg4 Qf7 50. Nh3 Kg8 51.
Nf4 Qf8 52. Nxg6 Qh6+ 53. Nh4+ Kf7 54. Qd7+ Kg8 55. Re8+ 1-0

[Event "Late-Titled-Tuesday-Blitz-September-12-2023"]
[Site "Chess.com"]
[Date "2023.09.12"]
[Round "6"]
[White "NovikovaGalina"]
[Black "K_A_S_T_O_R"]
[Result "0-1"]
[WhiteElo "2430"]
[BlackElo "2929"]
[TimeControl "180+1"]
[EndTime "15:04:33 PDT"]
[Termination "K_A_S_T_O_R won on time"]

1. e4 c5 2. Nf3 d6 3. d4 cxd4 4. Nxd4 Nf6 5. Nc3 a6 6. Rg1 Nc6 7. g4 g6 8. Be3 Bg7 9. f3 Be6 10.
Qd2 Rc8 11. O-O-O Nxd4 12. Bxd4 Qa5 13. g5 Nh5 14. Bxg7 Nxg7 15. Qd4 O-O 16. a3 Rc6 17. f4 Rfc8 18. Rd3 Bc4 19. Rf3 Ne6 20. Qe3 Bxf1 21. Rgxf1 Qc5 22. Qxc5 Rxc5 23. h4 Nd4 24. Rd3 Nb5 25.
Nxb5 Rxc2+ 26. Kb1 axb5 27. f5 Re2 28. fxg6 hxg6 29.
Rdf3 Rf8 30. Rf4 Kg7 31. Ka2 e5 32. Rf6 Rxe4 33. Rxd6 Rxh4 34. Rd7 Rg4 35. Rxb7 Rxg5 36. Rxb5 Re8 37. a4 Rg4 38. Ka3 f5 39. a5 e4 40. b4 e3 41. Rb7+ Kh6 42. a6 e2 43.
Re1 Rg3+ 44. Ka4 Rd3 45. a7 Rdd8 46. b5 f4 47. b6 Re4+ 48. Ka5 Rd5+ 0-1

[Event "Late-Titled-Tuesday-Blitz-September-12-2023"]
[Site "Chess.com"]
[Date "2023.09.12"]
[Round "6"]
[White "cthulhuuu"]
[Black "GAO"]
[Result "0-1"]
[WhiteElo "2478"]
[BlackElo "2351"]
[TimeControl "180+1"]
[EndTime "15:04:36 PDT"]
[Termination "GAO won by checkmate"]

1. e4 c5 2. Nf3 Nc6 3. g3 g6 4. Bg2 Bg7 5. O-O e5 6. d3 Nge7 7. Nc3 O-O 8. Nd2 a6 9. a4 d6 10. Nc4 Be6 11. Nd5 b5 12. axb5 axb5 13. Rxa8 Qxa8 14.
Nc7 Qb8 15. Nxe6 fxe6 16. Ne3 b4 17. Bh3 Nd4 18. c3 bxc3 19. bxc3 Nf3+ 20. Kh1 Ng5 21. Bg2 h5 22. h4 Nh7 23. Bh3 Rf6 24. Nc4 Nf8 25.
Bg5 Rf7 26. Kg2 d5 27. Ne3 Qb7 28. Qb1 Qc6 29. f3 Bf6 30. Qb3 Bxg5 31. hxg5 Nh7 32. f4 c4 33. dxc4 d4 34. Qb8+ Nf8 35. Nd5 exd5 36.
cxd5 Qxc3 37. Be6 Qc2+ 38. Rf2 Qxe4+ 39. Kh2 Qe3 40. Kg2 Qe4+ 41. Kg1 Qe1+ 42. Rf1 Qxg3+ 43. Kh1 Nf5 44. Bxf7+ Kxf7 45. Qxe5 Qh3+ 46. Kg1 Qg3+ 47. Kh1 Ne3 48. Qc7+ Kg8 49. Rg1 Qh3# 0-1

[Event "Late-Titled-Tuesday-Blitz-September-12-2023"]
[Site "Chess.com"]
[Date "2023.09.12"]
[Round "6"]
[White "dennisodessa"]
[Black "Ali_rastbod"]
[Result "0-1"]
[WhiteElo "2526"]
[BlackElo "2710"]
[TimeControl "180+1"]
[EndTime "15:04:37 PDT"]
[Termination "Ali_rastbod won by resignation"]

1. d4 d5 2. c4 e5 3. dxe5 d4 4. a3 a5 5. Nf3 Nc6 6. e3 Bc5 7. exd4 Bxd4 8. Be2 Nge7 9. O-O O-O 10. Nbd2 Nxe5 11. Nxd4 Qxd4 12. Nf3 Nxf3+ 13. Bxf3 Qxc4 14. Bg5 Ng6 15. Rc1 Qb5 16. h4 c6 17. Qe2 Qxe2 18. Bxe2 f6 19. h5 fxg5 20. hxg6 h6 21. Bc4+ Kh8 22. Rfe1 Bf5 23. Re7 Bxg6 24. Rxb7 Rf6 25.
Bb3 a4 26. Bc2 Ra5 27. Bxg6 Rxg6 28. Rb6 Rb5 29. Rxb5 cxb5 30. Rc8+ Kh7 31. Rb8 Rc6 32. f3 Rc1+ 33. Kh2 Rc5 34. Kg3 Kg6 35. Kh3 Kf5 36.
Rb7 g6 37. Rb6 h5 38. g4+ Kf4 39. Rf6+ Ke3 40. Rxg6 h4 41. Rf6 b4 42. axb4 Rb5 43. Rf5 Rxb4 44. Rxg5 Kxf3 45. Ra5 Rxg4 46. Rf5+ Rf4 47.
Rxf4+ Kxf4 48. Kxh4 Ke3 49. Kg3 Kd2 50. Kf2 Kc2 51.
Ke2 Kxb2 52. Kd2 a3 0-1

[Event "Late-Titled-Tuesday-Blitz-September-12-2023"]
[Site "Chess.com"]
[Date "2023.09.12"]
[Round "6"]
[White "Bala-Afiada"]
[Black "Zampronha1971"]
[Result "0-1"]
[WhiteElo "1952"]
[BlackElo "2310"]
[TimeControl "180+1"]
[EndTime "15:04:37 PDT"]
[Termination "Zampronha1971 won by resignation"]

1. d4 Nf6 2. c4 e6 3. g3 d5 4. Bg2 Be7 5. Nf3 O-O 6. O-O b6 7. Qc2 Ba6 8. Rd1 Bxc4 9. Ne5 Ba6 10. Bf4 Bb7 11. Nc3 c6 12. e4 c5 13. exd5 exd5 14. dxc5 bxc5 15. Nxd5 Nxd5 16. Rxd5 Bxd5 17. Rd1 Bxg2 18.
Rxd8 Rxd8 19. Kxg2 Na6 20. Qe4 Bf6 21. Nc6 Re8 22.
Qc4 Nb4 23. Nxb4 cxb4 24. Qxb4 a5 25. Qa3 a4 26. b3 axb3 27. Qxb3 Ra6 28. a3 Rea8 29.
Be3 Be7 30. Qb7 Bxa3 31. Bd4 Bf8 32. Qd7 Ra2 33. h4 R8a6 34. Qd8 Rd2 35. Qc8 Rd6 36.
Bc5 Rd8 37. Qc6 Bxc5 38. Qxc5 g6 39. Qe3 h5 40. Qg5 R2d5 41. Qf6 R8d6 42. Qf3 Kg7 43. Qc3+ Kh7 44. Qc8 Rf6 45. Qf8 Rd2 46. Qc5 Rdxf2+ 47. Qxf2 Rxf2+ 48. Kxf2 Kg7 49. Kf3 Kf6 50. Kf4 Kg7 51. Kg5 f6+ 52. Kf4 Kf7 53. Ke4 Ke6 54. Kf4 Kd5 55.
g4 hxg4 56. Kxg4 Ke5 57. h5 gxh5+ 0-1

[Event "Late-Titled-Tuesday-Blitz-September-12-2023"]
[Site "Chess.com"]
[Date "2023.09.12"]
[Round "6"]
[White "MathiasWomacka"]
[Black "AlexanderL"]
[Result "1/2-1/2"]
[WhiteElo "2531"]
[BlackElo "2850"]
[TimeControl "180+1"]
[EndTime "15:04:38 PDT"]
[Termination "Game drawn - insufficient material"]

1. e4 e5 2. Nf3 Nf6 3. Nxe5 Nxe4 4. Qe2 Qe7 5. Qxe4 d6 6. d4 dxe5 7. dxe5 Nc6 8. Nc3 Qxe5 9. Bf4 Qxe4+ 10. Nxe4 Bf5 11.
Bd3 O-O-O 12. Nd6+ Bxd6 13. Bxf5+ Kb8 14. Be3 Be5 15. c3 Ne7 16. Bc2 Nd5 17. Bg5 Bf6 18. Bxf6 Rhe8+ 19. Kf1 Nxf6 20. Rd1 Rxd1+ 21. Bxd1 Ne4 22. g3 Rd8 23. Bc2 Nxf2 24. Kxf2 Rd2+ 25. Kf3 Rxc2 26. Re1 b6 27. Re7 Rxb2 28. Rxf7 Rxh2 29. Rxg7 h5 30. a4 h4 31. g4 Rh3+ 32. Kf4 Rxc3 33. g5 Rc4+ 34. Kf5 Rxa4 35. Rh7 Ra1 36. g6 Rf1+ 37.
Ke6 Rg1 38. Kf6 a5 39. Rxh4 Kb7 40. g7 c5 41. Rh5 Rxg7 42. Kxg7 a4 43. Kf6 Ka6 44.
Ke5 Ka5 45. Ke4 Kb4 46. Kd3 Kb3 47. Kd2 Kb2 48. Kd3 b5 49. Rxc5 b4 50. Rc4 Kb3 51. Rc8 a3 52. Ra8 Ka2 53. Kc4 Kb2 54. Kxb4 a2 55. Rxa2+ Kxa2 1/2-1/2

[Event "Late-Titled-Tuesday-Blitz-September-12-2023"]
[Site "Chess.com"]
[Date "2023.09.12"]
[Round "6"]
[White "seramoral"]
[Black "Oleksandr_Bortnyk"]
[Result "1-0"]
[WhiteElo "2659"]
[BlackElo "3000"]
[TimeControl "180+1"]
[EndTime "15:04:41 PDT"]
[Termination "seramoral won on time"]

1. e4 Nf6 2. e5 Nd5 3. c4 Nb6 4. d4 d6 5. exd6 exd6 6. Nc3 Be7 7. Bd3 O-O 8. Nge2 c6 9. Be3 Na6 10. b3 d5 11. c5 Nd7 12. a3 Nc7 13. b4 Re8 14.
O-O g6 15. a4 Ne6 16. b5 Bf6 17. Rc1 Bg7 18. Qb3 f5 19. Rfd1 Qf6 20. f3 Nexc5 21. dxc5 Rxe3 22. bxc6 bxc6 23. Nxd5 Qf7 24. Nxe3 Qxb3 25.
Bc4+ Qxc4 26. Nxc4 Bf8 27. Nd6 Ba6 28. Nf4 Ne5 29. Ne6 Bh6 30. Rc3 Rb8 31. f4 Ng4 32.
h3 Nf6 33. Nc7 Be2 34. Rd2 Rb1+ 35. Kf2 Bd1 36. g3 Bxa4 37. Re3 Bf8 38. Nce8 Nd5 39.
Ra3 Bb5 40. Rxa7 Rf1+ 41. Kg2 Ne3+ 42. Kh2 Bxd6 43. cxd6 c5 44. Nf6+ Kf8 45. d7 Bxd7 46. Nxd7+ Kg7 47. Nxc5+ Kh6 48. Ne6 g5 49. Nxg5 Nc4 50.
Rc2 Nd6 51. Rc6 Rd1 52. Raa6 Kh5 53. Rxd6 Rxd6 54. Rxd6 h6 55. Rd5 Kg6 56. Nf3 Kf6 57. Nh4 Ke6 58. Rxf5 1-0

[Event "Late-Titled-Tuesday-Blitz-September-12-2023"]
[Site "Chess.com"]
[Date "2023.09.12"]
[Round "6"]
[White "Mops_2004"]
[Black "becemix"]
[Result "1-0"]
[WhiteElo "2715"]
[BlackElo "2528"]
[TimeControl "180+1"]
[EndTime "15:04:42 PDT"]
[Termination "Mops_2004 won on time"]

1. g3 d5 2. Nf3 Bg4 3. Bg2 Nd7 4. h3 Bxf3 5. Bxf3 c6 6. O-O e5 7. d3 Ngf6 8. Nc3 Qc7 9. e4 dxe4 10. Nxe4 Nxe4 11.
dxe4 Bc5 12. Kg2 O-O 13. c3 a5 14. Qc2 Rfe8 15. Bd2 Nf8 16. Rad1 Rad8 17. Bc1 Rxd1 18. Rxd1 Rd8 19. h4 Rxd1 20. Qxd1 Qd6 21. Qxd6 Bxd6 22.
Bg4 Ne6 23. h5 a4 24. Be3 Kf8 25. Kf1 Ke7 26. Bd1 b5 27. Ke2 Nc5 28. Bc2 g6 29. h6 Ke6 30. f4 exf4 31. gxf4 f5 32. e5 Bf8 33. b3 axb3 34. axb3 Ne4 35. Kd3 Bxh6 36. b4 g5 37. Bb3+ Ke7 38. fxg5 Bxg5 39.
Bd4 h6 40. c4 Nd2 41. Bc5+ Kd7 42. e6+ Kc7 43. Ba2 Nxc4 44. Kd4 Bf6+ 45. Kd3 h5 46. Ke2 Bg5 47. Bb1 f4 48. e7 Kd7 49. Bf5+ 1-0

[Event "Late-Titled-Tuesday-Blitz-September-12-2023"]
[Site "Chess.com"]
[Date "2023.09.12"]
[Round "6"]
[White "drdaro"]
[Black "ArtemDyachuk"]
[Result "1-0"]
[WhiteElo "2302"]
[BlackElo "2532"]
[TimeControl "180+1"]
[EndTime "15:04:43 PDT"]
[Termination "drdaro won on time"]

1. e4 c5 2. Nf3 d6 3. d4 cxd4 4. Nxd4 Nf6 5. Nc3 Nc6 6. Bg5 Bd7 7. Bb5 Nxd4 8. Bxd7+ Nxd7 9. Qxd4 h6 10. Bh4 Qa5 11. O-O-O Rc8 12. Kb1 Rg8 13. Rhe1 g5 14. Bg3 Bg7 15. e5 Nxe5 16. Qe4 Rc6 17. Nd5 Qb5 18. Qh7 Kf8 19. b4 Qc4 20. c3 Ng6 21.
Nxe7 Nxe7 22. Bxd6 Rxd6 23. Rxd6 Qc7 24. Red1 Nc6 25.
Qf5 Qe7 26. Rd7 Qe8 27. Rxb7 Bxc3 28. Qc5+ Kg7 29. Qxc3+ Kh7 30. Rc1 Ne5 31. Qc2+ Rg6 32. Rc7 Ng4 33. Rc3 Nf6 34. Rf3 Kg7 35. h3 g4 36.
hxg4 Rxg4 37. Qf5 Rg6 38. Rc4 Qe1+ 39. Kb2 Qd2+ 40. Qc2 Qd5 41. Rcf4 Qe5+ 42. Qc3 Qe2+ 43. Kb3 a5 44. Rxf6 a4+ 45. Kxa4 1-0

[Event "Late-Titled-Tuesday-Blitz-September-12-2023"]
[Site "Chess.com"]
[Date "2023.09.12"]
[Round "6"]
[White "MusicCityMaster"]
[Black "TanitoluwaAps116"]
[Result "0-1"]
[WhiteElo "2370"]
[BlackElo "2696"]
[TimeControl "180+1"]
[EndTime "15:04:44 PDT"]
[Termination "TanitoluwaAps116 won by checkmate"]

1. e4 c5 2. Nf3 Nc6 3. d3 d5 4. Nbd2 Nf6 5. g3 b6 6. Bg2 Bb7 7. O-O e6 8. Re1 Be7 9. c3 O-O 10. e5 Nd7 11. a3 Rc8 12. Nf1 Ba6 13. h4 Qc7 14. Bf4 b5 15. h5 Qb6 16. h6 g6 17. Ne3 b4 18. axb4 cxb4 19. c4 dxc4 20. dxc4 Nc5 21. Nd5 exd5 22. cxd5 Nd3 23. Re3 Nxf4 24.
gxf4 Bc5 25. Rb3 Rfd8 26. Qd2 Bc4 27. Rd3 Bxd3 28. Qxd3 Nd4 29. Ng5 Nf5 30. Ne4 Bd4 31.
Ra6 Rc1+ 32. Kh2 Qc7 33. d6 Qc2 34. Nf6+ Kh8 35. Qxc2 Rxc2 36. Bd5 Rxf2+ 37. Kh3 Rxf4 38. Bxf7 Rh4+ 39. Kg2 Bxe5 40. Nd5 Rxh6 41. Rxa7 Nxd6 42. Be6 Rh2+ 43. Kf3 Rf8+ 44. Ke3 Rh3+ 45. Ke2 Rf2+ 46. Kxf2 Bd4+ 47. Ke2 Bxa7 48. Kd2 Bd4 49. Kc2 b3+ 50.
Kd2 Nc4+ 51. Ke2 Nxb2 52. Ne7 Re3+ 53. Kf2 Rxe6+ 54. Kf3 Rxe7 55. Kf4 Nc4 56. Kg5 Kg7 57. Kf4 Re3 58. Kg4 h5+ 59. Kf4 b2 60. Kg5 Be5 61. Kh4 b1=Q 62. Kg5 Qf5+ 63. Kh4 Bf6# 0-1